 Dungeon Crawl Stone Soup version 0.31.0-11-ge490571c62 (webtiles) character file.

Game seed: 11562526078504362696

4576 NamelessAdventurer the Ducker (level 10, -5/69 HPs)
             Began as a Djinni Alchemist on Jan 27, 2024.
             Was a Priest of Nemelex Xobeh.
             Slain by a death yak (26 damage)
             ... on level 8 of the Dungeon.
             The game lasted 00:35:08 (7905 turns).

NamelessAdventurer the Ducker (Djinni Alchemist)    Turns: 7905, Time: 00:35:09

Health: -5/69      AC:  7    Str:  9    XL:     10   Next: 68%
Gold:   428        EV: 14    Int: 23    God:    Nemelex Xobeh [***...] SH:  0 Dex: 13

rFire   + + +        j - +3 quarterstaff (protect)
rCold   x . .        (shield currently unavailable)
rNeg    . . .        t - +0 robe {Will+}
rPois   ∞            f - +2 helmet {Int+3}
rElec   .            k - +2 cloak
rCorr   .            (no gloves)
SInv    .            (boots unavailable)
Will    ++...        l - amulet of faith
Stlth   +++          (no ring)
HPRegen 0.31/turn    (no ring)
MPRegen 0.00/turn

%: faith, infuse magic (-6 HP)
@: flying, inugami summoned
A: sickness immunity, fire resistance 3, cold vulnerability 1, float, innate
caster, HP casting, extra vitality 1, deformed body
a: Renounce Religion, Draw Escape, Draw Destruction, Draw Summoning, Triple Draw


You were on level 8 of the Dungeon.
You worshipped Nemelex Xobeh.
Nemelex Xobeh was most pleased with you.
You visited 1 branch of the dungeon, and saw 8 of its levels.

You collected 747 gold pieces.
You spent 319 gold pieces at shops.

Inventory:

Hand Weapons
 b - a +0 heavy sling
 j - a +3 quarterstaff of protection (weapon)
Missiles
 d - 3 boomerangs (quivered)
 i - a throwing net
 B - 4 darts of dispersal
Armour
 a - a +1 robe
 f - a +2 helmet of intelligence (worn)
 k - a +2 cloak (worn)
 t - a +0 robe of willpower (worn)
 y - the +0 scale mail "Xeerathrazo" {-Tele Str+4}
   (You bought it in a shop on level 7 of the Dungeon)

   Str+4:     It affects your strength (+4).
   -Tele:     It prevents most forms of teleportation.
Jewellery
 l - an amulet of faith (around neck)
 s - a ring of resist corrosion
 x - an amulet of the acrobat
Talismans
 r - a flux talisman
Wands
 m - a wand of roots (3)
 q - a wand of charming (3)
 z - a wand of digging (4)
Scrolls
 p - a scroll of vulnerability
 v - a scroll of noise
 w - a scroll of fear
 A - a scroll of immolation
Potions
 c - 3 potions of degeneration
 e - a potion of lignification
 h - a potion of might
 n - 2 potions of enlightenment
 o - 2 potions of mutation
 u - a potion of haste
 C - a potion of brilliance {unknown}


   Skills:
 * Level 4.4 Fighting
 * Level 5.0 Staves
 * Level 4.4 Ranged Weapons
 * Level 3.6 Throwing
 * Level 4.4 Armour
 * Level 5.8 Dodging
 * Level 4.5 Stealth
 * Level 3.4 Spellcasting
 * Level 3.4 Conjurations
 * Level 3.4 Hexes
 * Level 3.4 Summonings
 * Level 3.4 Necromancy
 * Level 3.4 Translocations
 * Level 3.4 Fire Magic
 * Level 3.4 Ice Magic
 * Level 3.4 Air Magic
 * Level 3.4 Earth Magic
 * Level 3.4 Alchemy
 * Level 4.2 Invocations
 * Level 3.2 Evocations
 * Level 2.6 Shapeshifting


You knew the following spells:

 Your Spells              Type           Power      Damage    Failure   Level
a - Sting                 Conj/Alch      76%        1d7       2%          1
b - Mercury Vapours       Alch/Air       38%        N/A       4%          2
c - Mephitic Cloud        Conj/Alch/Air  19%        N/A       9%          3
d - Olgreb's Toxic Radia  Alch           19%        N/A       26%         4
e - Sticky Flame          Fire/Alch      19%        2d6       26%         4
f - Slow                  Hex            76%        N/A       2%          1
g - Lesser Beckoning      Tloc           38%        N/A       4%          2
h - Call Canine Familiar  Summ           19%        N/A       9%          3
i - Stone Arrow           Conj/Erth      38%        3d9       9%          3
Your spell library was empty.

Dungeon Overview and Level Annotations

Branches:
Dungeon (8/15)             Temple (0/1) D:5            Lair (0/5) D:8

Altars:
Fedhas
Nemelex Xobeh
Yredelemnul
The Shining One

Shops:
D:1 (   D:7 *


Innate Abilities, Weirdness & Mutations

You are immune to sickness and miasma.
You are immune to poison.
Your flesh is almost immune to the effects of heat. (rF+++)
You are vulnerable to cold. (rC-)
You float through the air rather than walking.
You learn spells naturally, not from books.
Your magical power is your life essence.
You have superior vitality. (+4 MHP)
Armour fits poorly on your strangely shaped body.


Message History

The grasping roots constrict the death yak.
The roots release their grip on the death yak.
You completely miss the death yak.
The death yak is lightly wounded.
The death yak gores you!
You hit the death yak.
Your weapon exudes an aura of protection.
The death yak is lightly wounded.
The death yak barely misses you.
You sock the death yak!
The death yak is lightly wounded.
The steam dragon breathes steam at you. The ball of steam hits you. You resist.
The death yak gores you but does no damage.
The death yak is engulfed in a cloud of scalding steam.
The death yak gores you but does no damage.
Aiming: Charm
Press: ? - help, Shift-Dir - straight line, f - steam dragon, p - death yak
Aim: a steam dragon (steam, chance to affect: 57%)
The steam dragon is charmed.
The death yak closely misses you.
Throw: 3 boomerangs
Press: ? - help, Q - select action, (/) - cycle Shift-Dir - straight line, f - death yak, p - steam dragon
Aim: a death yak (lightly wounded, ally target, 77% to hit)
Okay, then.
What are your orders? t - Shout!
Orders for allies: a - Attack new target. p - Attack previous target. r - Retreat! s - Stop attacking. g - Guard the area. f - Follow me.
Anything else - Cancel.
Gang up on whom?
Press: ? - help, Dir - move target, f - death yak, p - steam dragon
Aim: a death yak (lightly wounded, ally target) Attack!
The death yak gores you!
Your steam dragon bites the death yak but does no damage.
Your steam dragon claws the death yak.
The death yak attacks as it pursues you!
The death yak gores you!!
You die...
Your body disappears without a glow.

#....#. #.>..'..... #....#
....
############....#.#...
#§.§.@.........##.##..
#.§.§Y.........#......
+.§D...h.......#......
#..............#####..
.....§..###'###...........
....§§..+.....#...........
........#.....#...........
........#....##...........
######+#########+#####....


You could see a death yak (ally target), a friendly steam dragon (charmed) and a
friendly inugami (summoned).

Vanquished Creatures
  A death yak (D:8)
  Sigmund (D:4)
  4 yaks (D:7)
  3 water moccasins
  2 ogres
  A kobold brigand (D:8)
  A weeping skull (D:7)
  3 bullfrogs
  4 scorpions
  2 wights (D:8)
  2 howler monkeys (D:6)
  A bombardier beetle (D:3)
  A centaur zombie (D:7)
  4 quasits (D:5)
  Crazy Yiuf (D:2)
  2 orc priests
  A gnoll bouda (D:7)
  2 jellies
  2 human zombies (D:7)
  A sleepcap (D:5)
  A hell rat (D:8)
  2 scorpion zombies (D:7)
  An iguana (D:5)
  6 orc wizards
  2 killer bee zombies (D:7)
  An ogre zombie (D:7)
  A hound zombie (D:7)
  4 howler monkey zombies (D:7)
  4 adders
  8 gnolls
  3 shadow imps (D:5)
  A white imp (D:7)
  4 ufetubi (D:5)
  An adder zombie (D:7)
  3 ribbon worms
  9 orcs
  8 endoplasms
  A giant cockroach (D:1)
  9 hobgoblins
  6 quokkas
  5 ball pythons
  2 bats
  7 goblins
  13 kobolds
  6 rats
  A spectral orc (D:7)
148 creatures vanquished.

Vanquished Creatures (collateral kills)
  A water moccasin (D:7)
  An ice beast (D:7)
  A black bear (D:7)
  An iguana (D:5)
  A shadow imp (D:5)
  An ufetubus (D:5)
  An adder zombie (D:7)
7 creatures vanquished.

Grand Total: 155 creatures vanquished

Notes
Turn   | Place    | Note
-------+----------+-------------------------------------------
     0 | D:1      | NamelessAdventurer the Djinni Alchemist began the quest for
                  | the Orb.
     0 | D:1      | NamelessAdventurer set off with the following spells
                  | memorised: Sting, Mercury Vapours, Mephitic Cloud, Olgreb's
                  | Toxic Radiance, Sticky Flame.
     0 | D:1      | Reached XP level 1. HP: 15/15 MP: 0/0
   153 | D:1      | Reached XP level 2. HP: 20/21 MP: 0/0
   260 | D:1      | Found Ycom's Weapon Shop.
   519 | D:2      | Identified the +1 ring mail of Rationality {Harm +Inv}
   713 | D:2      | Reached XP level 3. HP: 21/26 MP: 0/0
   713 | D:2      | Learned a level 1 spell: Slow
   815 | D:3      | Found a glowing golden altar of the Shining One.
   913 | D:3      | Reached skill level 1 in Ranged Weapons
   913 | D:3      | Reached XP level 4. HP: 26/31 MP: 0/0
   928 | D:3      | Reached skill level 1 in Fighting
   928 | D:3      | Reached skill level 1 in Armour
   973 | D:3      | Found a sparkling altar of Nemelex Xobeh.
   988 | D:3      | Became a worshipper of Nemelex Xobeh the Trickster
  1137 | D:3      | Reached XP level 5. HP: 37/37 MP: 0/0
  1137 | D:3      | Learned a level 2 spell: Lesser Beckoning
  2093 | D:2      | Found a runed translucent door.
  2094 | D:2      | Noticed Crazy Yiuf
  2107 | D:2      | Killed Crazy Yiuf
  2108 | D:2      | Reached skill level 1 in Throwing
  2166 | D:2      | Found a glowing golden altar of the Shining One.
  2692 | D:1      | Reached * piety under Nemelex Xobeh
  2811 | D:1      | Received a gift from Nemelex Xobeh
  3024 | D:4      | Gained mutation: Your flesh is almost immune to the effects
                  | of heat. (rF+++) [potion of mutation]
  3024 | D:4      | Gained mutation: Armour fits poorly on your strangely
                  | shaped body. [potion of mutation]
  3042 | D:4      | Reached skill level 1 in Invocations
  3042 | D:4      | Reached XP level 6. HP: 27/42 MP: 0/0
  3143 | D:4      | Noticed Sigmund
  3176 | D:4      | Killed Sigmund
  3177 | D:4      | Reached XP level 7. HP: 29/48 MP: 0/0
  3177 | D:4      | Learned a level 3 spell: Call Canine Familiar
  3429 | D:4      | Reached skill level 1 in Staves
  3784 | D:4      | Reached ** piety under Nemelex Xobeh
  3800 | D:5      | Entered Level 5 of the Dungeon
  3943 | D:5      | Noticed a water moccasin
  3953 | D:5      | Killed a water moccasin
  3954 | D:5      | Reached XP level 8. HP: 34/55 MP: 0/0
  4168 | D:5      | Found a staircase to the Ecumenical Temple.
  5698 | D:6      | Reached skill level 1 in Evocations
  5698 | D:6      | Reached XP level 9. HP: 59/60 MP: 0/0
  5698 | D:6      | Learned a level 3 spell: Stone Arrow
  5923 | D:7      | Reached skill level 1 in Shapeshifting
  6127 | D:7      | Reached skill level 5 in Dodging
  6355 | D:7      | Reached *** piety under Nemelex Xobeh
  6581 | D:7      | Found a basalt altar of Yredelemnul.
  6703 | D:7      | Found Pucy's Assorted Antiques.
  6715 | D:7      | Bought a fine scale mail for 261 gold pieces
  6715 | D:7      | Identified the +0 scale mail "Xeerathrazo" {-Tele Str+4}
                  | (You bought it in a shop on level 7 of the Dungeon)
  6715 | D:7      | Bought 2 scrolls labelled VOAL DOLITHO for 58 gold pieces
  6882 | D:7      | Reached XP level 10. HP: 67/67 MP: 0/0
  7492 | D:8      | Found a blossoming altar of Fedhas.
  7676 | D:8      | Noticed a death yak
  7678 | D:8      | Noticed a death yak
  7680 | D:8      | Banished a death yak
  7705 | D:8      | Killed a death yak
  7706 | D:8      | Reached skill level 5 in Staves
  7818 | D:8      | Found a staircase to the Lair.
  7850 | D:8      | Noticed a death yak
  7905 | D:8      | Slain by a death yak

Illustrated notes

Levels and vault maps discovered:
D:1:      minmay_arrival_nine_rooms, layout_basic, serial_shops,
          nicolae_shop_waterfront, minivault_14
D:2:      layout_basic, basic_altar, minmay_bisected, uniq_crazy_yiuf_cottage
D:3:      layout_basic, nemelex_dance_club_becter,
          nicolae_tso_swordbearing_angel
D:4:      layout_basic, minmay_cupped, uniq_sigmund
D:5:      nicolae_cairo_tiling_large, layout_basic,
          minmay_temple_entry_overgrown, serial_demonic, serial_demonic_c,
          serial_demonic_e, serial_demonic_c, serial_demonic_b,
          serial_demonic_g, serial_demonic_e, serial_demonic_g,
          serial_demonic_b, wad_floor_pattern_untrapped,
          amcnicky_mini_pool_small, corexii_item_surrounded_by_moat
D:6:      layout_basic
D:7:      layout_loops_ring, yredelemnul_forgotten_temple_becter, serial_shops,
          nicolae_shop_overgrown_old_shop, roadster_capsule_ark_zombie
D:8:      layout_gridville, mainiacjoe_overflow_concentric_impassable,
          okawaru_metal_pillars_3, dpeg_lair_monsters

Skill      XL: |  1  2  3  4  5  6  7  8  9 10 |
---------------+-------------------------------+-----
Ranged Weapons | 1 2 3 4 |  4.4
Stealth        | 2 3 4 |  4.5
Fighting       | 1 2 3 4 |  4.4
Armour         | 1 2 3 4 |  4.4
Dodging        | 3 4 5 |  5.8
Throwing       | 1 2 3 |  3.6
Invocations    | 1 2 3 4 |  4.2
Staves         | 1 2 3 5 |  5.0
Evocations     | 1 2 3 |  3.2
Shapeshifting  | 1 2 |  2.6
Spellcasting   | |  3.4
Conjurations   | |  3.4
Hexes          | |  3.4
Summonings     | |  3.4
Necromancy     | |  3.4
Translocations | |  3.4
Fire Magic     | |  3.4
Ice Magic      | |  3.4
Air Magic      | |  3.4
Earth Magic    | |  3.4
Alchemy        | |  3.4

Action                     |  1- 3 |  4- 6 |  7- 9 | 10-12 || total
---------------------------+-------+-------+-------+-------++-------
  Melee: Quarterstaff      |       |     8 |   104 |   106 ||   218
   Fire: Sling             |    22 |    70 |       |       ||    92
  Throw: Boomerang         |     2 |       |    48 |    19 ||    69
   Cast: Sting             |    26 |    11 |     2 |       ||    39
         Mercury Vapours   |     6 |     4 |     2 |     1 ||    13
         Mephitic Cloud    |     1 |     3 |     8 |     6 ||    18
         Olgreb's Toxic Ra |       |     8 |     8 |     4 ||    20
         Call Canine Famil |       |       |    12 |     4 ||    16
         Stone Arrow       |       |       |     9 |     9 ||    18
         Slow              |       |       |       |     1 ||     1
 Invoke: Draw Escape       |       |       |     1 |     2 ||     3
         Draw Destruction  |       |       |     1 |     1 ||     2
  Evoke: Wand              |       |       |     2 |     4 ||     6
    Use: Scroll            |     4 |     5 |     9 |     6 ||    24
         Potion            |     1 |     1 |     2 |     4 ||     8
   Stab: Petrified         |       |       |     2 |       ||     2
         Confused          |       |       |     1 |       ||     1
         Distracted        |       |       |     2 |       ||     2
         Sleeping          |       |       |     1 |       ||     1
 Armour: Robe              |    24 |    23 |   147 |    84 ||   278
  Dodge: Dodged            |    19 |    23 |   185 |   100 ||   327
